 Dungeon Crawl Stone Soup version 0.19.1 (webtiles) character file.

124 Firecrotchwizard the Twirler (level 4, 0/41 HPs)
             Began as a Minotaur Gladiator on Dec 15, 2016.
             Succumbed to a worker ant's poison
             ... on level 2 of the Dungeon.
             The game lasted 00:03:26 (1364 turns).

Firecrotchwizard the Twirler (Minotaur Gladiator)   Turns: 1364, Time: 00:03:26

Health: 0/41       AC:  9    Str: 23    XL:     4   Next: 81%
Magic:  3/3        EV:  9    Int:  5    God:
Gold:   128        SH:  0    Dex: 12    Spells: 0 memorised, 3 levels left

rFire  . . .     SeeInvis .     a - +0 quarterstaff
rCold  . . .     Gourm    .     j - +0 chain mail
rNeg   . . .     Faith    .     (shield currently unavailable)
rPois  .         Spirit   .     c - +0 hat
rElec  .         Reflect  .     (no cloak)
rCorr  .         Harm     .     n - +0 pair of gloves (curse)
MR     .....                    (no boots)
Stlth  ..........               (no amulet)
                                (no ring)
                                g - +4 ring of strength

@: lethally poisoned (0 -> -2)
A: retaliatory headbutt, horns 2
a: no special abilities


You were on level 2 of the Dungeon.
You were hungry.

You visited 1 branch of the dungeon, and saw 3 of its levels.

You collected 128 gold pieces.

Inventory:

Hand Weapons
 a - a +0 quarterstaff (weapon)
Missiles
 d - 3 throwing nets (quivered)
Armour
 b - a +0 leather armour
 c - a +0 hat (worn)
 j - a +0 chain mail (worn)
 n - a cursed +0 pair of gloves (worn)
Jewellery
 g - a +4 ring of strength (left hand)
 m - a +4 ring of strength
Scrolls
 e - a scroll of teleportation {unknown}
 h - a scroll of immolation {unknown}
 i - a scroll of identify
 k - 2 scrolls of amnesia
 l - a scroll of enchant armour {unknown}
 o - 2 scrolls of noise
 p - a scroll of remove curse {unknown}
Potions
 q - 2 potions of degeneration
Comestibles
 f - 4 bread rations


   Skills:
 * Level 4.7 Fighting
 * Level 4.8 Staves
 - Level 2.0 Throwing
 + Level 1.6 Armour
 - Level 3.2 Dodging


You had 3 spell levels left.
You didn't know any spells.

Dungeon Overview and Level Annotations

Branches:
Dungeon (3/15)

Altars:


Innate Abilities, Weirdness & Mutations

You reflexively headbutt those who attack you in melee.
You have a pair of horns on your head.


Message History

You feel forgetful for a moment.
* * * LOW HITPOINT WARNING * * *
You feel sick.
As you read the scroll labeled VIMOAT DYUC, it crumbles to dust.
It is a scroll of identify.
q - 2 potions of degeneration A quokka comes into view.
* * * LOW HITPOINT WARNING * * *
You feel sick.
There is a stone staircase leading up, spattered with blood here.
You climb upwards.
* * * LOW HITPOINT WARNING * * *
You feel sick.
There is a stone staircase leading down here.
* * * LOW HITPOINT WARNING * * *
You feel sick.
You are feeling hungry.
* * * LOW HITPOINT WARNING * * *
You feel sick.
You die...

#.####.#.#.#.# #.#...####.#.#.8.
#.# #...#.#.# #.#..).....#.##..
#.#####..#.#.####.#....###.#.8###
.......................# #.##....
.......................###.#####(
................#.#.#..##........
.................................
###.###.....................).###
..#.###.........@...#.........##
#.#.....##...##..##.#..........##
..#..............##..............
###.....###..##..##...........###
###.###.# #..##..#####.#.#.......
##.<....# #.>##..#.....#.#.######
##......# #......#.#####.#[# #
##......###..##.##....##.#.# #
###..........##.##....##.#.######


There were no monsters in sight!

Vanquished Creatures
  A worker ant (D:3)
  3 gnolls (D:3)
  2 adders (D:2)
  A worm (D:2)
  3 dart slugs
  A leopard gecko (D:2)
  8 bats
  3 giant cockroaches
  4 goblins
  7 hobgoblins
  3 kobolds (D:2)
  2 quokkas (D:2)
  A ball python (D:1)
  4 frilled lizards (D:1)
  2 rats
45 creatures vanquished.

Notes
Turn   | Place    | Note
-------+----------+-------------------------------------------
     0 | D:1      | Firecrotchwizard the Minotaur Gladiator began the quest for the Orb.
     0 | D:1      | Reached XP level 1. HP: 18/18 MP: 0/0
   218 | D:1      | Reached XP level 2. HP: 25/25 MP: 1/1
   597 | D:2      | Reached XP level 3. HP: 30/31 MP: 2/2
   934 | D:2      | Reached skill level 1 in Armour
   934 | D:2      | Reached XP level 4. HP: 40/40 MP: 3/3
  1355 | D:2      | HP: 2/41 [poisoned by a worker ant]
  1361 | D:2      | HP: 1/41 [poisoned by a worker ant]
  1364 | D:2      | Succumbed to a worker ant's poison

Skill      XL: |  1  2  3 |
---------------+----------+-----
Staves         | 4 |  4.8
Fighting       | 3 4 |  4.7
Armour         | 1 |  1.6
Throwing       | |  2.0
Dodging        | |  3.2

Action                   |  1- 3 |  4- 6 || total
-------------------------+-------+-------++-------
Melee: Quarterstaff      |    78 |    18 ||    96
       Headbutt          |    13 |     2 ||    15
  Use: Scroll            |       |     3 ||     3
  Eat: Chunk             |       |     1 ||     1
Armor: Chain mail        |    38 |    15 ||    53
       Leather armour    |     1 |       ||     1
Dodge: Dodged            |    33 |    13 ||    46
